 Dungeon Crawl Stone Soup version 0.29.1-2-gbd0b4ee654 (webtiles) character file.

Game seed: 3502172324952741018

88 Uniporpoise the Insei (level 4, -7/28 HPs)
             Began as an Octopode Transmuter on Nov 4, 2022.
             Was an Initiate of Cheibriados.
             Killed by divine providence
             ... invoked by an orc priest
              (12 damage)
             ... on level 3 of the Dungeon.
             The game lasted 00:04:32 (1657 turns).

Uniporpoise the Insei (Octopode Transmuter)         Turns: 1657, Time: 00:04:33

Health: -7/28      AC:  1    Str:  9 (10) XL:     4   Next: 53%
Magic:  7/7        EV: 13    Int: 16 (18) God:    Cheibriados [......]
Gold:   59         SH:  0    Dex: 11 (13) Spells: 1/7 levels left

rFire   + . .      SeeInvis .     - Unarmed
rCold   + . .      Faith    .   (no shield)
rNeg    . . .      Spirit   .   (helmet currently unavailable)
rPois   +          Reflect  .   c - amulet of magic regeneration
rElec   +          Harm     .   (no ring)
rCorr   +          Rampage  .   (no ring)
Will    .....                   (no ring)
Stlth   +++.......              (no ring)
HPRegen 0.09/turn               (no ring)
MPRegen 0.50/turn               (no ring)
                                (no ring)
                                (no ring)

@: brilliant, appendages (expiring), resistant, hasted, very quick
A: tentacle spike 3, almost no armour, amphibious, 8 rings, camouflage 1,
gelatinous body 1, (nimble swimmer 1), tentacles
a: End Transformation, Renounce Religion


You were on level 3 of the Dungeon.
You worshipped Cheibriados.
Cheibriados was noncommittal.
One of your tentacles had grown a beastly spike.
You visited 1 branch of the dungeon, and saw 3 of its levels.

You collected 59 gold pieces.

Inventory:

Missiles
 g - 4 poisoned darts (quivered)
Jewellery
 c - an amulet of magic regeneration (around mantle)
Wands
 h - a wand of mindburst (11)
Scrolls
 e - a scroll of teleportation {unknown}
 f - a scroll of enchant armour {unknown}
 i - a scroll of amnesia {unknown}
 l - a scroll of fear {unknown}
 m - a scroll of immolation {unknown}
Potions
 a - a potion of lignification


   Skills:
 + Level 1.3 Fighting
 + Level 2.4 Dodging
 + Level 1.8 Stealth
 * Level 3.6 Unarmed Combat
 + Level 2.3 Spellcasting
 + Level 0.1 Translocations
 * Level 2.9 Transmutations
 + Level 0.5 Poison Magic
 + Level 0.0 Invocations


You had one spell level left.
You knew the following spells:

 Your Spells              Type           Power      Damage    Failure   Level
a - Beastly Appendage     Tmut           32%        N/A       6%          1
b - Spider Form           Tmut/Pois      11%        N/A       30%         3
c - Blink                 Tloc           6%         N/A       28%         2

Your spell library contained the following spells:

 Spells                   Type           Power      Damage    Failure   Level
 Wereblood                Tmut           16%        N/A       10%         2
 Ice Form                 Ice/Tmut       9%         N/A       73%         4
 Alistair's Intoxication  Tmut/Pois      7%         N/A       95%         5
 Borgnjor's Vile Clutch   Necr/Erth      1%         N/A       99%         5
 Manifold Assault         Tloc           3%         N/A       99%         5
 Eringya's Noxious Bog    Tmut/Pois      5%         N/A       100%        6
 Storm Form               Tmut/Air       4%         N/A       100%        7


Dungeon Overview and Level Annotations

Branches:
Dungeon (3/15)

Altars:
Cheibriados


Innate Abilities, Weirdness & Mutations

One of your tentacles has grown a beastly spike.
You cannot wear most types of armour.
You are amphibious.
You can wear up to eight rings at the same time.
Your skin changes colour to match your surroundings (Stealth+).
Your rubbery body absorbs attacks. (AC +1, EV +1)
((You are camouflaged when in or above water. (Stealth+)))
You have tentacles for arms and can constrict up to eight enemies at once.


Message History

The orc priest shouts!
You grab the kobold.
You pierce the kobold.
You squeeze the kobold, but do no damage.
The kobold is moderately wounded.
You constrict the kobold.
You hear a shout!
The bat hits you. The orc hits you with a +0 whip.
The kobold hits you with a +0 short sword.
The orc priest mumbles some strange prayers to Beogh against you.
Beogh smites you!
* * * LOW HITPOINT WARNING * * *
You are too injured to fight recklessly!
Unknown command.
You completely miss the orc. You grab the orc. You squeeze the orc!
You kill the orc!
Cheibriados appreciates the change of pace.
Your transformation is almost over.
You constrict the kobold. The bat barely misses you.
The kobold completely misses you.
You tentacle-slap the kobold but do no damage.
You pierce the kobold.
You kill the kobold!
Cheibriados appreciates the change of pace.
The bat hits you.
* * * LOW HITPOINT WARNING * * *
It was a potion of degeneration.
There was something very wrong with that liquid.
You feel weakened.
You feel dopey.
You feel clumsy.
It was a potion of haste.
You feel yourself speed up.
Cheibriados forgives your accidental hurry, just this once.
The bat hits you.
* * * LOW HITPOINT WARNING * * *
It was a potion of resistance.
You feel protected.
It was a potion of brilliance.
You feel clever all of a sudden. The bat closely misses you.
The orc priest invokes the aid of Beogh against you.
Beogh smites you!
You die...

##....<## #
##.......##
#.#.........#####
##.#..............
.............#####
............##
..........!##
...........####
....o.b@)......
.......).#.##.#
.........#.# #
.........#.#
###.?....#.#
##..#### #.. #.#


You could see an orc priest and a bat.

Vanquished Creatures
  A gnoll (D:1)
  3 adders (D:2)
  A worm (D:2)
  2 dart slugs
  An orc (D:3)
  3 ball pythons
  2 bats
  2 endoplasms (D:1)
  2 goblins (D:1)
  5 hobgoblins
  6 jackals (D:2)
  4 kobolds
  2 quokkas
  2 frilled lizards
  5 rats
41 creatures vanquished.

Notes
Turn   | Place    | Note
-------+----------+-------------------------------------------
     0 | D:1      | Uniporpoise the Octopode Transmuter began the quest for the
                  | Orb.
     0 | D:1      | Reached XP level 1. HP: 13/13 MP: 3/3
   195 | D:1      | Reached XP level 2. HP: 18/18 MP: 3/5
   409 | D:1      | Found a faded altar of an unknown god.
   556 | D:1      | Reached skill level 1 in Stealth
   556 | D:1      | Reached XP level 3. HP: 22/23 MP: 6/6
   560 | D:1      | Learned a level 3 spell: Spider Form
  1127 | D:2      | Found a snail-covered altar of Cheibriados.
  1135 | D:2      | Reached XP level 4. HP: 16/28 MP: 7/7
  1202 | D:2      | Became a worshipper of Cheibriados the Contemplative
  1322 | D:2      | Learned a level 2 spell: Blink
  1657 | D:3      | Killed from afar by an orc priest

Illustrated notes

Levels and vault maps discovered:
D:1:      lemuel_arrival_funnel, layout_basic, hellmonk_ecumenical_altar_run_dry
D:2:      layout_rooms, basic_altar
D:3:      layout_loops_ring, lightli_temple_of_fire, guppyfry_early_orc_mine

Skill      XL: |  1  2 |
---------------+-------+-----
Stealth        | 1 |  1.8
Fighting       | |  1.3
Dodging        | |  2.4
Unarmed Combat | |  3.6
Spellcasting   | |  2.3
Translocations | |  0.1
Transmutations | |  2.9
Poison Magic   | |  0.5

Action                   |  1- 3 |  4- 6 || total
-------------------------+-------+-------++-------
Melee: Unarmed           |    60 |    22 ||    82
       Constrict         |    13 |     8 ||    21
       Kick              |    17 |     7 ||    24
       Tentacles         |     9 |     5 ||    14
       Punch             |     2 |       ||     2
Throw: Dart              |       |     3 ||     3
 Cast: Beastly Appendage |    19 |     7 ||    26
  Use: Potion            |       |     4 ||     4
 Stab: Sleeping          |     6 |       ||     6
Armor: Skin              |     2 |     3 ||     5
Dodge: Dodged            |    50 |    13 ||    63
